Map: Ghost River LE

Players

Zorthox

  • Race: Protoss Protoss
  • League: Gold
  • Spawn Location: 1:00

OrangeSoda - Winner!

  • Race: Terran Terran
  • League: Platinum
  • Spawn Location: 11:00

VOD

Have the link to the VOD?

Description

Time

  • Played on: March 29, 2024, 8:05 p.m.
  • Length: 39:53
Show
View Real Time Build Order
Export as new Build Order

Zorthox Protoss 

Build Orders:  

Get SALT Encoding   

  12  0:00  Probe  
  13  0:13  Probe  
  14  0:23  Pylon  
  14  0:25  Probe  
  15  0:41  Probe  
  16  0:43  Gateway  
  16  0:55  Probe (Chrono Boost)  
  17  1:05  Assimilator  
  17  1:07  Probe (Chrono Boost)  
  18  1:13  Probe (Chrono Boost)  
  19  1:21  Probe  
  20  1:33  Probe  
  21  1:45  Probe  
  22  1:47  Nexus  
  22  1:50  Cybernetics Core  
  22  1:57  Probe, Pylon  
  23  2:13  Probe  
  23  2:25  Assimilator, Probe  
  24  2:37  Probe, Stalker  
  24  2:39  Warp Gate  
  27  2:54  Probe (Chrono Boost)  
  28  3:02  Probe (Chrono Boost)  
  28  3:04  Gateway  
  28  3:05  Gateway  
  29  3:10  Robotics Facility  
  29  3:12  Probe (Chrono Boost)  
  31  3:13  Probe (Chrono Boost)  
  31  3:17  Probe (Chrono Boost)  
  31  3:18  Probe (Chrono Boost)  
  33  3:26  Stalker (Chrono Boost)  
  35  3:29  Probe  
  35  3:30  Probe  
  37  3:45  Probe x2  
  37  3:57  Probe x2  
  39  4:10  Probe x2  
  41  4:20  Observer (Chrono Boost), Assimilator  
  41  4:21  Assimilator  
  41  4:22  Probe x2  
  44  4:33  Pylon  
  44  4:35  Probe x2  
  46  4:51  Probe x2, Pylon x2  
  48  4:53  Pylon  
  48  5:09  Immortal (Chrono Boost)  
  52  5:16  Stalker  
  52  5:17  Stalker x2  
  58  5:25  Twilight Council  
  58  5:29  Gateway  
  58  5:30  Gateway  
  58  5:31  Gateway  
  58  5:32  Gateway  
  58  5:34  Gateway  
  58  5:35  Pylon  
  58  5:38  Pylon  
  58  5:40  Pylon  
  58  5:42  Pylon  
  58  5:46  Pylon  
  58  5:47  Probe x2  
  60  5:55  Immortal  
  64  5:59  Zealot x2  
  64  6:00  Zealot  
  70  6:07  Charge (Chrono Boost)  
  70  6:20  Templar Archives  
  70  6:38  Zealot x3  
  70  6:39  Zealot x5  
  86  6:43  Pylon  
  86  6:44  Pylon  
  86  6:52  Templar Archives  
  86  6:54  Observer  
  86  7:02  Forge  
  86  7:03  Forge  
  86  7:05  Zealot x7  
  100  7:34  Zealot x6  
  100  7:35  Zealot x2  
  116  7:40  Pylon  
  116  7:41  Pylon  
  116  7:45  Warp Prism (Chrono Boost), Pylon  
  118  8:36  High Templar  
  118  8:37  Nexus, High Templar x7  
  118  8:38  Pylon  
  134  8:41  Pylon  
  134  8:42  Archon x4  
  134  8:43  Pylon  
  134  8:48  Protoss Ground Armor Level 1 (Chrono Boost), Protoss Ground Weapons Level 1 (Chrono Boost)  
  70  9:36  Zealot x8  
  48  10:08  Zealot x7  
  48  10:09  Zealot  
  48  10:39  Probe x2  
  48  10:40  Probe  
  51  10:49  Zealot  
  53  10:50  Zealot x7  
  53  10:51  Probe (Chrono Boost)  
  68  11:01  Photon Cannon, Shield Battery  
  68  11:02  Probe (Chrono Boost)  
  68  11:03  Photon Cannon  
  68  11:04  Shield Battery  
  71  11:05  Photon Cannon, Shield Battery  
  71  11:07  Assimilator, Probe (Chrono Boost)  
  71  11:09  Probe (Chrono Boost)  
  71  11:10  Assimilator  
  71  11:13  Protoss Ground Weapons Level 2 (Chrono Boost), Protoss Ground Armor Level 2 (Chrono Boost)  
  71  11:16  Probe (Chrono Boost)  
  72  11:22  High Templar x6  
  84  11:25  Archon  
  84  11:26  Archon x2  
  84  11:42  Observer  
  84  11:56  Zealot x6  
  84  11:57  Zealot x2  
  100  12:04  Observer  
  100  12:27  Zealot  
  100  12:28  Zealot x5  
  100  12:29  Zealot  
  114  12:30  Zealot  
  115  12:59  High Templar x4  
  115  13:00  High Templar x4  
  115  13:03  Archon x4  
  99  13:30  Warp Prism  
  59  14:26  Zealot x8  
  57  14:55  Warp Prism  
  57  15:05  Zealot x6  
  57  15:06  Zealot x2  
  71  15:13  Protoss Ground Armor Level 3 (Chrono Boost), Protoss Ground Weapons Level 3 (Chrono Boost)  
  71  15:19  Stargate  
  71  15:21  Stargate  
  71  15:44  Nexus  
  71  15:49  High Templar  
  73  15:50  High Templar x6  
  73  15:51  High Templar  
  73  15:55  Archon x3, Pylon  
  73  15:57  Archon  
  87  15:59  Nexus  
  87  16:03  Pylon  
  87  16:07  Pylon  
  87  16:25  Fleet Beacon  
  87  16:28  Pylon  
  87  16:29  Pylon  
  87  16:31  Pylon x2  
  87  16:34  Assimilator  
  87  16:35  Pylon  
  87  16:39  Assimilator  
  86  16:45  Pylon  
  86  16:53  Zealot x4  
  86  16:54  Zealot x4  
  102  17:15  Carrier, Tempest  
  102  17:16  Zealot  
  102  17:17  Zealot x2  
  102  17:18  Zealot x5  
  129  17:58  Tempest (Chrono Boost)  
  129  18:03  High Templar x5  
  129  18:04  High Templar x3  
  150  18:06  Protoss Air Weapons Level 1 (Chrono Boost)  
  150  18:07  Archon x3  
  150  18:09  Archon  
  150  18:11  Nexus  
  150  18:13  Pylon  
  150  18:17  Tempest (Chrono Boost), Pylon  
  150  18:18  Pylon  
  155  18:23  Pylon  
  154  18:38  Tempest (Chrono Boost)  
  159  18:52  Carrier  
  165  19:02  Shield Battery x2  
  165  19:04  Photon Cannon, Shield Battery  
  165  19:05  Shield Battery  
  165  19:06  Photon Cannon x2  
  165  19:08  Photon Cannon  
  165  19:09  Photon Cannon, Shield Battery  
  161  19:50  Zealot x5  
  161  19:51  Zealot x3  
  81  20:10  Carrier x2 (Chrono Boost)  
  88  20:25  Protoss Air Weapons Level 2 (Chrono Boost)  
  86  20:31  High Templar  
  86  20:33  Zealot x4  
  86  20:34  Zealot x3  
  102  21:06  Carrier (Chrono Boost)  
  108  21:24  Assimilator  
  108  21:28  Probe x5  
  108  21:29  Shield Battery  
  108  21:30  Shield Battery x4  
  108  21:32  Photon Cannon  
  112  21:36  Photon Cannon  
  109  22:10  Carrier x2 (Chrono Boost)  
  121  22:28  Zealot  
  121  22:29  Zealot x4  
  119  22:58  Observer  
  119  23:04  Protoss Air Weapons Level 3 (Chrono Boost), Carrier x2 (Chrono Boost)  
  132  23:25  Pylon  
  131  23:28  Photon Cannon  
  131  23:30  Photon Cannon  
  131  23:32  Shield Battery  
  131  23:33  Pylon, Probe x5  
  134  23:45  Probe x3  
  132  24:01  Carrier (Chrono Boost)  
  132  24:02  Carrier (Chrono Boost)  
  81  24:50  Mothership  
  81  24:59  Carrier x2 (Chrono Boost)  
  93  25:41  Nexus  
  93  25:43  Observer, Pylon  
  93  25:44  Photon Cannon  
  93  25:46  Pylon  
  94  25:50  Assimilator  
  94  25:52  Carrier (Chrono Boost)  
  94  25:54  Assimilator  
  94  25:56  Pylon  
  106  26:00  Pylon  
  106  26:02  Carrier (Chrono Boost)  
  106  26:16  Zealot  
  106  26:17  Zealot  
  106  26:18  Zealot  
  112  26:19  Zealot  
  97  27:23  Carrier (Chrono Boost)  
  97  27:24  Carrier (Chrono Boost)  
  62  28:01  Observer  
  63  28:18  Carrier x2 (Chrono Boost)  
  81  28:48  Mothership (Chrono Boost)  
  81  29:01  Probe (Chrono Boost)  
  82  29:12  Carrier x2 (Chrono Boost), Probe (Chrono Boost)  
  82  29:16  Probe (Chrono Boost)  
  96  29:27  Nexus  
  96  29:28  Probe  
  96  29:29  Assimilator  
  96  29:30  Assimilator  
  94  29:40  Probe  
  94  29:43  Observer  
  96  30:06  Carrier x2 (Chrono Boost)  
  108  30:25  Protoss Air Armor Level 1 (Chrono Boost)  
  108  30:36  Probe  
  109  30:48  Probe  
  110  31:00  Carrier (Chrono Boost), Tempest (Chrono Boost)  
  121  31:10  Protoss Shields Level 1 (Chrono Boost)  
  121  31:33  Tempest (Chrono Boost)  
  126  31:48  Tempest (Chrono Boost)  
  126  31:53  Zealot  
  133  31:54  Zealot  
  133  31:56  Zealot  
  109  33:08  Carrier x2  
  114  33:34  Pylon  
  114  33:36  Assimilator, Pylon  
  114  33:39  Assimilator  
  114  34:12  Carrier  
  114  34:13  Carrier  
  126  34:31  Observer  
  126  34:49  Observer  
  127  35:14  Nexus  
  127  35:17  Carrier x2 (Chrono Boost)  
  31  36:57  Pylon  
  19  37:34  High Templar x4  
  25  37:38  Archon x2  
  22  38:02  Zealot x2  
Show
View Real Time Build Order
Export as new Build Order

OrangeSoda Terran - Winner!

Build Orders:  

Get SALT Encoding   

  12  0:03  SCV  
  13  0:15  SCV  
  13  0:20  Supply Depot  
  14  0:29  SCV  
  15  0:44  SCV  
  15  0:49  Barracks  
  16  0:54  Refinery  
  16  0:56  SCV  
  17  1:08  SCV  
  18  1:20  SCV  
  19  1:32  SCV  
  21  1:52  Reaper  
  21  1:56  Orbital Command  
  21  2:06  Supply Depot  
  21  2:17  Command Center  
  21  2:28  Barracks Reactor  
  21  2:33  Barracks  
  21  2:35  SCV  
  21  2:36  Refinery  
  22  2:42  Barracks  
  22  2:48  SCV, Engineering Bay  
  23  3:00  SCV  
  24  3:09  Supply Depot  
  24  3:12  SCV  
  25  3:14  Marine x2  
  28  3:27  SCV  
  28  3:32  Barracks Tech Lab x2  
  28  3:35  Orbital Command  
  28  3:39  SCV  
  29  4:06  SCV x2  
  30  4:14  Stimpack  
  30  4:15  Concussive Shells  
  30  4:16  Marauder  
  32  4:17  Marine, Marauder  
  32  4:18  SCV, Marine  
  32  4:23  Engineering Bay  
  37  4:34  Factory  
  37  4:35  Marine x2  
  37  4:38  Marauder x2  
  41  4:39  SCV x2  
  45  4:51  SCV x2  
  45  4:52  Terran Infantry Weapons Level 1  
  47  4:54  Terran Infantry Armor Level 1  
  47  4:58  Combat Shield  
  47  5:07  Command Center, Marauder  
  47  5:08  Marine, Marauder  
  47  5:09  SCV  
  53  5:22  Supply Depot  
  53  5:25  Marine  
  53  5:26  Supply Depot  
  53  5:28  Factory Reactor  
  54  5:31  Starport  
  54  5:43  SCV x2, Marine  
  54  5:44  Marauder  
  54  5:45  Refinery  
  59  5:50  Supply Depot, Refinery  
  59  5:52  Supply Depot  
  59  5:55  SCV x2  
  61  5:59  Armory  
  61  6:05  Marine  
  61  6:06  Marine x3  
  61  6:08  SCV x2  
  67  6:19  Supply Depot  
  67  6:20  Factory Tech Lab  
  67  6:23  Orbital Command, Marine  
  68  6:27  Missile Turret  
  68  6:32  Supply Depot  
  68  6:37  SCV x2  
  68  6:38  Missile Turret  
  70  6:48  Marauder  
  70  6:49  SCV x2, Marauder  
  76  7:01  SCV x3  
  79  7:12  Terran Infantry Weapons Level 2  
  79  7:13  Terran Infantry Armor Level 2, SCV, Supply Depot  
  79  7:14  SCV x2  
  82  7:21  Factory  
  82  7:22  Medivac x2  
  86  7:25  SCV  
  86  7:26  Marine x2, SCV  
  86  7:29  Marauder  
  92  7:40  Sensor Tower, Missile Turret  
  92  7:49  Supply Depot  
  92  7:52  Terran Vehicle Weapons Level 1, Medivac x2  
  92  7:57  Drilling Claws  
  96  7:58  Marine  
  96  7:59  Marine  
  96  8:00  Marine x2  
  100  8:11  Supply Depot  
  100  8:12  Barracks  
  100  8:15  Barracks  
  100  8:16  Marine  
  100  8:17  Barracks, Factory Reactor, Marine x2  
  103  8:35  Fusion Core  
  103  8:41  Supply Depot  
  103  8:47  Medivac x2  
  106  9:03  Supply Depot  
  98  9:22  Marine  
  98  9:23  Marine x3  
  92  9:27  Cyclone x2  
  92  9:29  Siege Tank  
  77  9:40  Marine x4  
  79  9:55  Barracks Tech Lab  
  79  9:56  Barracks Tech Lab  
  79  9:57  Medivac x2  
  79  9:58  Marine x4  
  79  9:59  Cyclone  
  89  10:00  Hellbat  
  91  10:16  Marine  
  91  10:17  Marauder x2  
  91  10:19  Orbital Command  
  91  10:20  Marine  
  90  10:34  Marine  
  91  10:37  Marine x2  
  91  10:38  Marine  
  91  10:40  Viking x2  
  100  10:43  Marauder x2  
  100  10:47  Infernal Pre-Igniter  
  102  10:53  SCV x2  
  102  10:54  SCV  
  105  11:09  Refinery  
  105  11:13  Refinery  
  105  11:21  SCV x3  
  105  11:22  Caduceus Reactor  
  105  11:24  Barracks Reactor  
  108  11:33  SCV  
  108  11:36  Missile Turret  
  109  11:45  Missile Turret  
  109  11:56  Missile Turret  
  109  11:59  SCV x3  
  112  12:06  Missile Turret  
  112  12:09  Widow Mine x2  
  112  12:11  SCV x3  
  112  12:15  Supply Depot  
  119  12:19  Advanced Ballistics  
  119  12:23  SCV x2  
  119  12:27  Missile Turret  
  119  12:29  Missile Turret  
  121  12:31  Widow Mine x2  
  121  12:36  Terran Vehicle Weapons Level 2  
  125  12:44  Hi-Sec Auto Tracking  
  125  12:47  Command Center, Neosteel Armor  
  125  12:50  Marine x4, Missile Turret, Marauder x4  
  137  12:52  Widow Mine x2  
  141  13:10  Marine  
  141  13:11  Marine x2  
  141  13:12  Marine x2  
  141  13:13  Marine  
  141  13:14  Marauder, Widow Mine  
  141  13:16  Marauder  
  81  13:29  Marine  
  70  13:36  Marauder  
  70  13:37  Marauder x3  
  70  13:38  Orbital Command  
  76  13:41  Terran Infantry Weapons Level 3  
  68  13:52  Marine x3  
  59  13:58  Marauder x4  
  65  14:03  Supply Depot, Marine  
  65  14:09  Marine  
  61  14:10  Marine  
  61  14:14  Medivac  
  61  14:16  Hellbat  
  62  14:19  Marauder x3  
  62  14:20  Marine, Marauder  
  70  14:27  Terran Infantry Armor Level 3, Marine x2  
  70  14:28  Planetary Fortress  
  70  14:38  Marine  
  70  14:41  Marauder x4  
  70  14:45  Marine x2  
  59  15:00  Barracks Tech Lab  
  59  15:02  Marauder x2  
  59  15:03  Marauder  
  59  15:04  Orbital Command  
  64  15:18  SCV x3  
  67  15:23  Marauder, Marine  
  67  15:24  Marauder  
  72  15:28  Widow Mine  
  72  15:29  Widow Mine  
  72  15:30  SCV, Medivac  
  72  15:31  SCV x2, Medivac  
  72  15:32  Marauder  
  72  15:33  Marine  
  86  15:41  Marauder  
  88  15:42  SCV  
  88  15:43  SCV x2  
  88  15:44  Ghost Academy  
  88  15:45  Marauder  
  88  15:47  Command Center  
  93  15:50  Widow Mine x2  
  93  15:55  SCV x2  
  99  16:03  Missile Turret  
  99  16:07  SCV  
  100  16:19  SCV  
  101  16:31  SCV  
  102  16:54  Widow Mine x2  
  106  17:01  Marauder  
  108  17:02  Marine x6  
  108  17:05  Starport  
  113  17:15  Widow Mine x2  
  117  17:20  Marine x6  
  117  17:22  Marine  
  124  17:36  Widow Mine  
  128  17:37  Marine, Widow Mine  
  128  17:38  Supply Depot, Marine x3  
  128  17:43  Factory Reactor  
  132  17:44  Supply Depot  
  132  17:48  Starport Reactor  
  132  17:53  Starport  
  132  17:58  Widow Mine x2  
  136  18:03  Barracks x2  
  136  18:10  Marauder  
  138  18:19  Widow Mine x2  
  142  18:32  Marauder  
  144  18:42  Liberator x2, Command Center  
  144  18:45  Starport Reactor  
  150  18:51  Liberator  
  150  18:52  Liberator  
  150  18:53  Marauder x2  
  150  18:54  Marine x2  
  162  18:56  Marauder  
  164  19:12  Marine  
  164  19:14  Marauder  
  164  19:15  Marauder  
  169  19:17  Marauder  
  169  19:21  Missile Turret  
  171  19:25  Refinery  
  171  19:27  Refinery  
  171  19:36  Marauder  
  171  19:37  Refinery  
  145  19:57  Marauder  
  126  20:03  Marine  
  126  20:04  Marine x7  
  128  20:18  Planetary Fortress, Marine  
  128  20:20  SCV  
  128  20:21  Marine x7, SCV x3  
  133  20:22  Marine  
  141  20:33  SCV x4  
  145  20:36  Marine  
  145  20:39  Marine x8  
  154  20:45  SCV x4  
  158  20:54  Marine  
  158  20:55  Viking x2  
  158  20:56  Viking x3  
  158  20:57  Viking, SCV  
  171  21:00  Hellbat x2  
  171  21:03  Marine  
  171  21:04  Marine x2  
  179  21:21  SCV  
  179  21:24  Nuke  
  180  21:32  Marine x8  
  181  21:33  SCV  
  189  21:41  Refinery  
  189  21:45  SCV  
  190  21:48  Command Center  
  190  21:52  Engineering Bay  
  190  21:56  Missile Turret  
  190  21:57  SCV  
  191  22:03  Missile Turret  
  191  22:06  Missile Turret  
  191  22:07  Personal Cloaking  
  189  22:09  Missile Turret  
  189  22:10  SCV  
  190  22:22  SCV  
  191  22:27  Missile Turret  
  191  22:34  SCV  
  192  22:46  SCV  
  193  22:58  SCV  
  194  23:10  SCV  
  195  23:19  Medivac  
  197  23:20  Medivac  
  197  23:21  Barracks Tech Lab  
  197  23:22  Barracks Reactor  
  197  23:26  Marine  
  200  23:34  Armory  
  200  23:57  Missile Turret  
  182  24:10  Missile Turret  
  182  24:11  Missile Turret  
  166  24:17  Missile Turret  
  159  24:38  Missile Turret  
  163  24:57  Missile Turret  
  163  25:01  Ghost x6  
  163  25:04  Marine  
  163  25:05  Marine x3  
  164  25:14  Hellbat x2  
  168  25:17  Widow Mine x2  
  168  25:18  Missile Turret  
  168  25:21  Terran Vehicle Weapons Level 3  
  172  25:22  Marine x3  
  172  25:24  Terran Ship Weapons Level 1  
  175  25:29  Ghost  
  175  25:30  Ghost x5  
  175  25:35  Hellbat x2  
  191  25:38  Widow Mine  
  193  25:54  Planetary Fortress  
  193  25:58  Ghost x3  
  199  26:07  Factory  
  199  26:11  Factory  
  163  27:18  Terran Vehicle And Ship Armor Level 1  
  120  27:46  Ghost x4  
  120  27:47  Ghost x2  
  132  27:56  Marine  
  132  27:57  Marine x3  
  136  28:02  Cyclone x3  
  142  28:14  Factory Tech Lab x2, Marine x4  
  142  28:15  Ghost x6  
  156  28:21  Refinery x2  
  154  28:32  Marine x2  
  166  28:55  Medivac x2  
  175  28:56  Medivac x2  
  179  29:05  Ghost x2  
  179  29:06  Ghost x4  
  176  29:11  Marine  
  176  29:12  Marine x3  
  176  29:16  Hellbat  
  176  29:17  Hellbat  
  184  29:18  Hellbat  
  184  29:19  Hellbat  
  188  29:29  Marine x4  
  192  29:34  Ghost, Marine x5  
  199  29:47  Marine  
  200  30:10  Nuke  
  200  30:12  Terran Ship Weapons Level 2  
  200  30:15  Terran Vehicle And Ship Armor Level 2  
  200  31:00  Missile Turret  
  200  31:07  Ghost Academy  
  200  31:21  Missile Turret  
  200  31:38  Ghost Academy  
  200  31:41  Missile Turret  
  200  31:51  Command Center, Missile Turret, Refinery  
  200  31:52  Missile Turret x2, Refinery  
  200  31:54  Missile Turret  
  200  32:13  Missile Turret  
  200  32:14  Missile Turret  
  200  32:16  Missile Turret x2  
  200  32:17  Missile Turret  
  88  33:24  Marine x9  
  88  33:25  Marine  
  89  33:37  Medivac x2  
  89  33:38  Medivac  
  89  33:39  Medivac  
  89  33:40  Cyclone  
  89  33:41  Cyclone  
  101  33:42  Marine x10  
  101  33:44  Medivac x2  
  101  33:46  Cyclone  
  101  33:47  Cyclone  
  119  33:49  Thor  
  119  33:50  Thor  
  131  34:00  Marine x9  
  131  34:01  Marauder  
  134  34:14  Medivac x2  
  129  34:17  Marine  
  129  34:18  Marine x6  
  129  34:19  Cyclone  
  138  34:26  Marine x3  
  140  34:35  Marine x3  
  140  34:36  Marine x4  
  147  34:43  Marine  
  147  34:44  Marine x2  
  135  34:53  Marine x5  
  135  34:54  Marine x2  
  135  34:55  Medivac  
  135  34:56  Medivac  
  135  34:58  Medivac x2  
  140  35:00  Viking x2  
  140  35:01  Cyclone x2, Marine  
  140  35:02  Cyclone x2, Marine x2  
  155  35:11  Thor, Marine x4  
  155  35:13  Thor  
  171  35:19  Marine  
  168  35:25  Medivac  
  168  35:26  Medivac  
  168  35:28  Medivac x2  
  168  35:29  Marine x3  
  168  35:33  Command Center  
  164  35:37  Marine  
  144  35:46  Marine  
  118  36:15  Nuke  
  118  36:17  Nuke  
  118  36:19  Ghost x6  
  130  36:29  SCV  
  131  37:16  Orbital Command  
  131  37:54  SCV x3  
  134  38:14  Orbital Command  
  134  38:21  SCV x3  
  137  38:33  SCV x3  
  140  38:45  SCV x2  
  140  38:46  SCV, Refinery  
  143  38:55  Siege Tank  
  146  38:56  Siege Tank, Refinery  
  146  38:57  SCV x2  
  146  38:58  SCV  
  151  39:11  Barracks  
  151  39:17  Marauder x3  
  151  39:18  Marauder x3  
  151  39:20  Medivac  
Tags
 
Add a new tag
Caveats
  • Supply blocks, unpowered buildings, or Contaminate may cause inaccurate times.
  • Supply counts are checked every 10 seconds.